 Dungeon Crawl Stone Soup version 0.30-a0-782-ge64f9170bb (webtiles) character file.

Game seed: 12456650687129537941

822 Goldberg the Chopper (level 7, -11/59 HPs)
             Began as a Demigod Fighter on Feb 19, 2023.
             Mangled by an ice beast (14 damage)
             ... on level 5 of the Dungeon.
             The game lasted 00:08:56 (3664 turns).

Goldberg the Chopper (Demigod Fighter)              Turns: 3664, Time: 00:08:56

Health: -11/59     AC: 13    Str: 25    XL:     7   Next: 36%
Magic:  9/9        EV:  6    Int: 10    God:
Gold:   177        SH:  5    Dex: 13    Spells: 6/6 levels left

rFire   . . .      SeeInvis .    a - +0 war axe
rCold   . . .      Faith    .    c - +0 buckler
rNeg    . . .      Spirit   .    g - +0 plate armour
rPois   .          Reflect  .    (no helmet)
rElec   .          Harm     .    j - +0 cloak
rCorr   .          Rampage  .    (no gloves)
Will    .....                    (no boots) Stlth
                                 (no amulet)
HPRegen 0.29/turn                (no ring)
MPRegen 0.11/turn                (no ring)

@: no status effects
A: high MP 1, forlorn, divine attributes
a: no special abilities


You were on level 5 of the Dungeon.
You visited 1 branch of the dungeon, and saw 5 of its levels.

You collected 177 gold pieces.

Inventory:

Hand Weapons
 a - a +0 war axe (weapon)
Armour
 b - a +1 scale mail
 c - a +0 buckler (worn)
 g - a +0 plate armour (worn)
 j - a +0 cloak (worn)
Jewellery
 o - a ring of ice
Wands
 p - a wand of paralysis (11)
Scrolls
 l - a scroll of magic mapping {unknown}
 m - a scroll of fear {unknown}
 n - a scroll of teleportation {unknown}
 t - a scroll of blinking
Potions
 d - a potion of might
 e - 4 potions of lignification
 f - 5 potions of mutation
 h - 2 potions of haste {unknown}
 i - 3 potions of curing
 k - a potion of ambrosia {unknown}
 q - a potion of berserk rage {unknown}
 r - a potion of brilliance {unknown}
 s - a potion of attraction {unknown}


   Skills:
 + Level 4.0 Fighting
 + Level 6.0 Axes
 + Level 4.4 Armour
 + Level 3.6 Shields


You had 6 spell levels left.
You didn't know any spells.
Your spell library was empty.

Dungeon Overview and Level Annotations

Branches:
Dungeon (5/15)
 Temple: D:4-7

Annotations:
D:5 Eustachio


Innate Abilities, Weirdness & Mutations

You have an increased reservoir of magic. (+10% MP)
You shall have no god before yourself.
Your divine heritage dramatically boosts your attributes as you level up.


Message History

* * * LOW HITPOINT WARNING * * *
Eustachio hits you with a +0 rapier.
* * * LOW HITPOINT WARNING * * *
The ice beast barely misses you.
You slash Eustachio!
Eustachio is almost dead.
You hit the ice beast but do no damage. You hit the white imp.
The bat hits you but does no damage.
The white imp hits you but does no damage.
The ice beast hits you but does no damage.
You block Eustachio's attack.
You closely miss Eustachio.
Eustachio is almost dead.
You hit the ice beast but do no damage. You slash the white imp!
You kill the white imp!
The white imp disappears in a puff of smoke!
The bat barely misses you.
The crimson imp blinks!
Eustachio casts a spell.
The ice beast completely misses you.
You barely miss Eustachio.
Eustachio is almost dead.
You completely miss the ice beast. You miss the crimson imp.
The bat hits you but does no damage.
The crimson imp hits you but does no damage.
Eustachio brags, "I can call spirits from the vasty deep."
Eustachio hits you with a +0 rapier!
* * * LOW HITPOINT WARNING * * *
You block the ice beast's attack.
You hit Eustachio.
Eustachio is almost dead.
You miss the crimson imp. You closely miss the ice beast.
You block the bat's attack. The bat hits you but does no damage.
The crimson imp hits you but does no damage.
Eustachio hits you but does no damage.
The ice beast hits you but does no damage.
The crimson imp hits you but does no damage.
The ice beast hits you.
* * * LOW HITPOINT WARNING * * *
The ice beast freezes you!
You die...

.................
#.######.###....###
#........# #####
..####?.#
#.#####..#
#........#
#######.##
#.....b5.#
#.#.###@.# #Y@#
#5b# #bb# ...# ##.#
.# ##


You could see Eustachio, an ice beast, an iron imp (summoned), a crimson imp
(summoned) and 4 bats.

Vanquished Creatures
  Grinder (D:3)
  Sigmund (D:3)
  3 scorpions
  A howler monkey (D:5)
  A hound (D:4)
  A jelly (D:4)
  3 iguanas
  2 adders (D:4)
  3 worms
  3 dart slugs
  3 orcs
  5 ball pythons
  9 endoplasms
  A giant cockroach (D:1)
  5 goblins
  7 hobgoblins
  6 kobolds
  4 quokkas
  7 bats
  5 frilled lizards
  4 rats
75 creatures vanquished.

Notes
Turn   | Place    | Note
-------+----------+-------------------------------------------
     0 | D:1      | Goldberg the Demigod Fighter began the quest for the Orb.
     0 | D:1      | Reached XP level 1. HP: 18/18 MP: 3/3
   131 | D:1      | Reached XP level 2. HP: 22/25 MP: 4/4
   343 | D:1      | Reached skill level 2 in Axes
   893 | D:2      | Reached XP level 3. HP: 24/31 MP: 5/5
  1605 | D:3      | Noticed Grinder
  1620 | D:3      | Paralysed by Grinder for 5 turns
  1628 | D:3      | Killed Grinder
  1629 | D:3      | Reached skill level 4 in Axes
  1629 | D:3      | Reached XP level 4. HP: 10/38 MP: 6/6
  1629 | D:3      | Reached XP level 5. HP: 12/45 MP: 7/7
  2429 | D:3      | Noticed Sigmund
  2442 | D:3      | Killed Sigmund
  2443 | D:3      | Reached skill level 5 in Axes
  2443 | D:3      | Reached XP level 6. HP: 52/52 MP: 8/8
  2924 | D:4      | Reached XP level 7. HP: 55/58 MP: 9/9
  3537 | D:5      | Entered Level 5 of the Dungeon
  3648 | D:5      | Noticed Eustachio
  3654 | D:5      | Reached skill level 6 in Axes
  3664 | D:5      | Mangled by an ice beast

Illustrated notes

Levels and vault maps discovered:
D:1:      dpeg_arrival_houses_and_road, layout_loops_ring,
          minmay_misc_feat_rugged
D:2:      layout_loops_corners
D:3:      layout_basic, chequers_temple_overflow_minitemple,
          kennysheep_generic_room_4, uniq_sigmund, uniq_grinder
D:4:      layout_basic, mainiacjoe_overflow_boulevard, nicolae_vehumet_radiance
D:5:      layout_basic, minmay_temple_entry_proselytizer,
          cheibrodos_sewer_entry_drain, serial_park_tiny_2, uniq_pikel,
          uniq_edmund, uniq_duvessa, uniq_eustachio

Skill      XL: |  1  2  3  4  5  6  7 |
---------------+----------------------+-----
Armour         | 3 4 |  4.4
Axes           | 2 4 5 6 |  6.0
Fighting       | 3 4 |  4.0
Shields        | 3 |  3.6

Action                     |  1- 3 |  4- 6 |  7- 9 || total
---------------------------+-------+-------+-------++-------
  Melee: War axe           |   114 |   101 |    45 ||   260
    Use: Scroll            |     3 |     1 |     2 ||     6
 Armour: Scale mail        |    36 |       |       ||    36
         Plate armour      |    38 |    68 |    38 ||   144
  Dodge: Dodged            |    43 |    32 |    17 ||    92
  Block: Buckler           |    29 |    31 |    15 ||    75

Table legend: (Time is in decaauts)
 A = Elapsed time spent in this place.
 B = Non-inter-level travel time spent in this place.
 C = Inter-level travel time spent in this place.
 D = Time resting spent in this place.
 E = Time spent auto-exploring this place.
 F = Levels seen in this place.
 G = Mean time per level.
                   A        B        C        D        E       F      G
               +--------+--------+--------+--------+--------+-----+--------+
         Total |   3753 |   3642 |    111 |    240 |   2356 |   5 |  750.6 |
       Dungeon |   3753 |   3642 |    111 |    240 |   2356 |   5 |  750.6 |
               +--------+--------+--------+--------+--------+-----+--------+

Top non-repeatable levels by time:
     D:3: 1004 daAuts
     D:4: 968 daAuts
     D:2: 927 daAuts
     D:1: 719 daAuts
     D:5: 133 daAuts
